 Seeded DCSS version 0.30-a0-553-g7fabdf1 (webtiles) character file.

Game seed: 1442576955726049545 (custom seed)

15250 brinewave the Nimble (level 12, -5/99 HPs)
             Began as a Merfolk Transmuter on Dec 25, 2022.
             Was a High Priest of Dithmenos.
             Slain by Sixotanaka's ghost (12 damage)
             ... while petrified by a basilisk
             ... on level 2 of the Lair of Beasts on Dec 26, 2022.
             The game lasted 01:01:50 (12812 turns).

brinewave the Nimble (Merfolk Transmuter)          Turns: 12812, Time: 01:01:51

Health: -5/99      AC: 11    Str: 11    XL:     12   Next: 25%
Magic:  15/15      EV:  2    Int: 13    God:    Dithmenos [*****.]
Gold:   475        SH:  0    Dex: 18    Spells: 8/15 levels left

rFire   . . .      SeeInvis +    m - +2 dagger (elec)
rCold   . . .      Faith    .    (no shield)
rNeg    + + +      Spirit   .    k - +0 acid dragon scales
rPois   ∞          Reflect  .    (helmet currently unavailable)
rElec   .          Harm     .    t - +0 cloak
rCorr   +          Rampage  .    (no gloves)
Will    .....                    (boots currently unavailable)
Stlth   ++++                     L - amulet of regeneration
HPRegen 1.16/turn                U - +4 ring of protection
MPRegen 0.14/turn                T - ring of see invisible

@: appendages (expiring), petrified, wereblooded, on berserk cooldown, hasted
and slowed, wreathed by umbra
A: horns 2, (nimble swimmer 2), mertail
a: End Transformation, Renounce Religion, Shadow Step, Shadow Form


You were on level 2 of the Lair of Beasts.
You worshipped Dithmenos.
Dithmenos was extremely pleased with you.
You had temporarily grown beastly horns.
You visited 3 branches of the dungeon, and saw 13 of its levels.
You also visited: Ossuary.

You collected 695 gold pieces.
You spent 220 gold pieces at shops.

Inventory:

Hand Weapons
 j - a +1 dagger of speed
 m - a +2 dagger of electrocution (weapon)
 p - a +0 arbalest
 F - a +0 shortbow
 P - a +4 short sword
Missiles
 d - 145 stones
 o - 6 javelins
 B - 8 atropa-tipped darts
 C - 19 poisoned darts (quivered)
 K - a throwing net
 M - 5 silver javelins
 V - a curare-tipped dart
Armour
 c - a +2 chain mail of poison resistance
 f - a +0 buckler
 g - a +0 ring mail
 k - +0 acid dragon scales (worn)
 l - a +0 helmet (melded)
 s - a +0 leather armour
 t - a +0 cloak (worn)
 J - the +4 ring mail of Duck's Teeth {rElec}
   (You found it on level 7 of the Dungeon)

   rElec:     It insulates you from electricity.
 S - a +2 robe of willpower
Magical Staves
 a - a staff of conjuration
 y - a staff of fire
Jewellery
 v - a ring of willpower
 L - an amulet of regeneration (around neck)
 T - a ring of see invisible (right hand)
 U - a +4 ring of protection (left hand)
Wands
 r - a wand of charming (16)
 A - a wand of roots (22)
 H - a wand of polymorph (10)
Scrolls
 h - a scroll of enchant weapon {unknown}
 i - a scroll of blinking
Potions
 b - 4 potions of lignification
 e - 4 potions of flight
 q - 4 potions of resistance
 w - 6 potions of curing
 x - a potion of heal wounds
 D - 2 potions of haste
 G - 3 potions of mutation
 N - 2 potions of might
 O - 3 potions of brilliance


   Skills:
 + Level 10.9 Fighting
 - Level 11.3 Short Blades
 + Level 13.0 Dodging
 - Level 5.2 Stealth
 - Level 3.3 Unarmed Combat
 - Level 2.0 Spellcasting
 + Level 10.0 Transmutations
 - Level 5.0 Poison Magic
 + Level 2.2 Invocations


You had 8 spell levels left.
You knew the following spells:

 Your Spells              Type           Power      Damage    Failure   Level
a - Beastly Appendage     Tmut           54%        N/A       1%          1
b - Wereblood             Tmut           27%        N/A       1%          2
c - Summon Small Mammal   Summ           4%         N/A       36%         1
d - Spider Form           Tmut/Pois      20%        N/A       5%          3

Your spell library contained the following spells:

 Spells                   Type           Power      Damage    Failure   Level
 Apportation              Tloc           2%         N/A       36%         1
 Kiss of Death            Conj/Necr      4%         2d5       36%         1
 Magic Dart               Conj           4%         1d3       36%         1
 Necrotise                Necr           4%         1d4       36%         1
 Slow                     Hex            4%         N/A       36%         1
 Ice Form                 Ice/Tmut       14%        N/A       45%         4
 Petrify                  Tmut/Erth      14%        N/A       45%         4
 Call Canine Familiar     Summ           1%         N/A       75%         3
 Confusing Touch          Hex            1%         N/A       75%         3
 Dazzling Flash           Conj/Hex       2%         N/A       75%         3
 Summon Guardian Golem    Hex/Summ       1%         N/A       75%         3
 Vampiric Draining        Necr           1%         2d6       75%         3
 Iskenderun's Mystic Bla  Conj/Tloc      1%         2d3       98%         4
 Metabolic Englaciation   Hex/Ice        0%         N/A       100%        5
 Starburst                Conj/Fire      0%         6d3       100%        6
 Statue Form              Tmut/Erth      9%         N/A       100%        6


Dungeon Overview and Level Annotations

Branches:
Dungeon (10/15)            Temple (1/1) D:5            Lair (2/5) D:10
Ossuary (visited)
  Swamp: Lair:2-3    Shoals: Lair:2-3     Snake: Lair:2-3    Spider: Lair:2-3
    Orc: D:9-12

Altars:
Ashenzari
Cheibriados
Dithmenos
Elyvilon
Fedhas
Gozag
Hepliaklqana
Kikubaaqudgha
Makhleb
Nemelex Xobeh
Okawaru
Qazlal
Ru
Sif Muna
Trog
Uskayaw
Vehumet
Wu Jian
Xom
Yredelemnul
Zin
The Shining One

Shops:
D:3 *   D:4 [   D:8 =

Annotations:
Lair:2 1 transporter, Sixotanaka's ghost, novice FeRe


Innate Abilities, Weirdness & Mutations

You have temporarily grown beastly horns.
You are immune to poison.
((You are very nimble when in or above water. (Stealth+, EV+, Speed+++)))
Your lower body shifts to a powerful aquatic tail in water.


Message History

Sixotanaka's ghost barely misses you.
You hit Sixotanaka's ghost but do no damage.
Lightning courses through Sixotanaka's ghost!!
Sixotanaka's ghost is heavily damaged.
Your shadow barely misses Sixotanaka's ghost.
The basilisk closely misses you.
Sixotanaka's ghost hits you but does no damage.
You completely miss Sixotanaka's ghost.
Your headbutt misses Sixotanaka's ghost.
Sixotanaka's ghost is heavily damaged.
Your limbs are stiffening.
You hit Sixotanaka's ghost but do no damage.
Sixotanaka's ghost is heavily damaged.
The basilisk gazes at you.
Your limbs have turned to stone.
Sixotanaka's ghost closely misses you.
You have turned to stone.
The basilisk bites you.
* * * LOW HITPOINT WARNING * * *
Sixotanaka's ghost hits you.
* * * LOW HITPOINT WARNING * * *
The basilisk bites you.
* * * LOW HITPOINT WARNING * * *
Sixotanaka's ghost hits you.
The basilisk bites you but does no damage.
Sixotanaka's ghost hits you.
* * * LOW HITPOINT WARNING * * *
Your transformation is almost over.
The basilisk bites you!
* * * LOW HITPOINT WARNING * * *
Sixotanaka's ghost hits you!
* * * LOW HITPOINT WARNING * * *
The basilisk bites you!
* * * LOW HITPOINT WARNING * * *
Sixotanaka's ghost hits you but does no damage.
The basilisk gazes at you. You resist with some effort.
Sixotanaka's ghost hits you but does no damage.
The basilisk bites you but does no damage.
Sixotanaka's ghost hits you!!
You die...

#. ... ## ## #####
.###.## .
#....#......#
#.##...#...#...
#.#..l...#†.# .#
..#..##l.©..#..©# #
#....@#.....#.# .##
##.##.W[###.... ..#
#..†.[??$.#..##.#
##††#####..###..##
####D©.####.....# .
...............####P..
...#.#........#.<.....
. ............+...##..
......##......P####


You could see a six-headed hydra, a basilisk and Sixotanaka's ghost.

Vanquished Creatures
  2 two-headed ogres (D:9)
  2 moths of wrath (Lair:2)
  A black mamba (Lair:1)
  A cane toad (Lair:1)
  A rime drake (Lair:1)
  3 komodo dragons
  A troll (D:9)
  A hornet (D:8)
  2 blink frogs (Lair:2)
  2 basilisks (D:10)
  8 wyverns
  24 yaks
  2 steam dragons
  An acid dragon (D:10)
  6 water moccasins
  2 orc warriors
  4 ice beasts
  2 ogres
  6 centaurs
  3 phantoms
  4 kobold brigands
  Blork the orc (D:6)
  6 bullfrogs
  A gnoll sergeant (D:10)
  2 necrophages
  9 scorpions (Ossuary)
  17 wights
  9 killer bees (D:10)
  2 orc priests
  3 hounds
  3 human zombies (Ossuary)
  3 iguanas
  14 orc wizards
  A scorpion zombie (Ossuary)
  3 mummies (Ossuary)
  12 gnolls
  6 adders
  3 white imps (D:7)
  2 ufetubi (D:7)
  3 worms
  2 dart slugs
  26 orcs
  5 bats
  6 endoplasms
  3 giant cockroaches
  3 gnoll zombies (Ossuary)
  8 goblins
  3 hobgoblins
  A jackal (D:3)
  2 quokkas (D:1)
  7 ball pythons
  5 frilled lizards (D:1)
  4 goblin zombies
  18 kobolds
  A kobold zombie (Ossuary)
  3 orc zombies (Ossuary)
  A quokka zombie (D:8)
  3 rats
279 creatures vanquished.

Vanquished Creatures (others)
  2 orcs (D:3)
  7 fungi
  11 plants (D:10)
20 creatures vanquished.

Grand Total: 299 creatures vanquished

Notes
Turn   | Place    | Note
-------+----------+-------------------------------------------
     0 | D:1      | brinewave the Merfolk Transmuter began the quest for the
                  | Orb.
     0 | D:1      | Reached XP level 1. HP: 15/15 MP: 3/3
   161 | D:1      | Reached XP level 2. HP: 19/21 MP: 3/5
   196 | D:1      | Reached skill level 3 in Dodging
   359 | D:1      | Reached skill level 1 in Short Blades
   516 | D:1      | Reached XP level 3. HP: 7/27 MP: 6/6
   973 | D:2      | Upgraded the game from 0.30-a0-542-ge43150d to
                  | 0.30-a0-547-gf74bfe1
   976 | D:2      | Learned a level 2 spell: Wereblood
  1231 | D:2      | Learned a level 1 spell: Summon Small Mammal
  1705 | D:2      | Reached XP level 4. HP: 33/33 MP: 7/7
  1976 | D:3      | Found a glowing golden altar of the Shining One.
  2020 | D:3      | Found Likivisu's General Store.
  2071 | D:3      | Bought a scroll of identify for 20 gold pieces
  2071 | D:3      | Bought a scroll of identify for 20 gold pieces
  2547 | D:3      | Found a faded altar of an unknown god.
  2618 | D:3      | Reached skill level 4 in Dodging
  2618 | D:3      | Reached skill level 1 in Stealth
  2618 | D:3      | Reached XP level 5. HP: 39/39 MP: 8/8
  3106 | D:4      | Found Irruumau's Antique Armour Boutique.
  3151 | D:4      | Noticed an ogre
  3211 | D:4      | Found a hide-covered altar of Uskayaw.
  3226 | D:4      | Reached XP level 6. HP: 47/47 MP: 9/9
  3262 | D:4      | Noticed an ice beast
  3271 | D:4      | Killed an ice beast
  3324 | D:4      | Found a radiant altar of Vehumet.
  3669 | D:4      | Reached skill level 5 in Dodging
  3708 | D:5      | Entered Level 5 of the Dungeon
  3799 | D:5      | Reached XP level 7. HP: 53/54 MP: 10/10
  4282 | D:5      | Found a blossoming altar of Fedhas.
  4475 | D:5      | Reached skill level 6 in Dodging
  4613 | D:5      | Reached XP level 8. HP: 20/61 MP: 11/11
  4866 | D:5      | Reached skill level 5 in Short Blades
  4997 | D:5      | Found a hazy altar of Hepliaklqana.
  5125 | D:5      | Reached skill level 5 in Fighting
  5218 | D:5      | Found a shimmering blue altar of Sif Muna.
  5226 | D:5      | Got Sif Muna's Directory of Blasting
  5360 | D:5      | Found a bloodstained altar of Trog.
  5396 | D:5      | Found a staircase to the Ecumenical Temple.
  5408 | D:5      | Reached skill level 5 in Stealth
  5427 | Temple   | Entered the Ecumenical Temple
  5433 | Temple   | Became a worshipper of Dithmenos the Shadowed
  5511 | D:6      | Noticed Blork the orc
  5523 | D:6      | Killed Blork the orc
  5524 | D:6      | Reached skill level 7 in Dodging
  6011 | D:6      | Reached XP level 9. HP: 69/69 MP: 12/12
  6056 | D:6      | Found an ornate altar of the Wu Jian Council.
  6384 | D:7      | Reached skill level 5 in Transmutations
  6465 | D:7      | Reached skill level 8 in Dodging
  6524 | D:7      | Identified the +4 ring mail of Duck's Teeth {rElec}
  6708 | D:7      | Reached * piety under Dithmenos
  7078 | D:7      | Found a basalt altar of Yredelemnul.
  7083 | D:7      | Learned a level 3 spell: Spider Form
  7492 | D:7      | HP: 2/64 [wight/+3 mace (3)]
  7767 | D:7      | Reached skill level 9 in Dodging
  7780 | D:7      | Found an iron altar of Okawaru.
  8106 | D:8      | Upgraded the game from 0.30-a0-547-gf74bfe1 to
                  | 0.30-a0-553-g7fabdf1
  8180 | D:8      | Found a stormy altar of Qazlal.
  8325 | D:8      | Found a sand-covered staircase.
  8333 | Ossuary  | Entered an ossuary
  8351 | Ossuary  | Reached ** piety under Dithmenos
  8352 | Ossuary  | Reached skill level 1 in Poison Magic
  8380 | Ossuary  | Reached XP level 10. HP: 75/79 MP: 13/13
  9186 | D:8      | Reached *** piety under Dithmenos
  9347 | D:8      | Reached skill level 10 in Dodging
  9387 | D:8      | Found Tullipusu's Jewellery Boutique.
  9400 | D:8      | Bought a ring of see invisible for 180 gold pieces
  9479 | D:8      | Found a snail-covered altar of Cheibriados.
  9654 | D:9      | Found a shimmering altar of Xom.
  9812 | D:9      | Noticed a two-headed ogre
  9826 | D:9      | Killed a two-headed ogre
  9991 | D:9      | Noticed a two-headed ogre
 10003 | D:9      | Killed a two-headed ogre
 10092 | D:9      | Found an ancient bone altar of Kikubaaqudgha.
 10371 | D:9      | Reached skill level 11 in Dodging
 10371 | D:9      | Reached XP level 11. HP: 68/89 MP: 11/14
 10372 | D:9      | Reached skill level 5 in Poison Magic
 10512 | D:10     | Entered Level 10 of the Dungeon
 10532 | D:10     | Found an opulent altar of Gozag.
 10915 | D:10     | Reached skill level 10 in Short Blades
 10931 | D:10     | Reached **** piety under Dithmenos
 11210 | D:10     | Found a staircase to the Lair.
 11735 | Lair:1   | Entered Level 1 of the Lair of Beasts
 11759 | D:10     | Reached skill level 10 in Fighting
 11770 | D:10     | Reached skill level 12 in Dodging
 12256 | Lair:1   | Reached ***** piety under Dithmenos
 12257 | Lair:1   | Reached XP level 12. HP: 57/98 MP: 15/15
 12407 | Lair:1   | Reached skill level 1 in Invocations
 12744 | Lair:2   | Found a transporter.
 12750 | Lair:2   | Noticed Sixotanaka's ghost (novice FeRe)
 12750 | Lair:2   | Noticed a six-headed hydra
 12755 | Lair:2   | Found a transporter.
 12756 | Lair:2   | Identified the +2 cloak "Damnable Contraption" {*Slow Dex+2
                  | SInv}
 12778 | Lair:2   | Reached skill level 13 in Dodging
 12778 | Lair:2   | Reached skill level 10 in Transmutations
 12812 | Lair:2   | Slain by Sixotanaka's ghost

Illustrated notes

Levels and vault maps discovered:
D:1:      erik_arrival_blinker_ship, layout_loops_cross, minmay_octomino_c4
D:2:      layout_basic
D:3:      layout_loops_ring, mainiacjoe_overflow_alcove_4, serial_shops, shop,
          shapermc_ecumenical_altar_notcrosses, st_stairs_5
D:4:      layout_loops_cross, mainiacjoe_overflow_small_starburst,
          kennysheep_mini_moat, serial_shops, shop, corexii_leaking_fountain
D:5:      layout_basic, nzn_overflow_gifts_of_might_and_magic,
          lemuel_round_altar, kennysheep_little_box,
          minmay_temple_entry_antechambers, chequers_serial_rivers_room_b
D:6:      layout_loops_ring, nzn_wu_jian_contemplation, nrook_mini_backslash,
          uniq_blork_the_orc
D:7:      kennysheep_spiral_hall, layout_loops_cross, okawaru_trees_2,
          amcnicky_altar_gilded
D:8:      layout_basic, nicolae_qazlal_general_emergency, slow_altar_1,
          enter_ossuary_4, serial_shops, nicolae_shop_trees,
          dreamdust_wishing_well
D:9:      layout_gridville, hangedman_feature_mirror
D:10:     layout_loops_ring, old_standard_altar, minmay_lair_entry_grove
Temple:   nicolae_temple_cloud_nine
Lair:1:   layout_hall_layers, grunt_megastairs_2, infiniplex_staircase_pool_2,
          lemuel_fruit_tree
Lair:2:   layout_roguey, swamp_mist, gammafunk_ghost_berserking_beasts,
          uniq_prince_ribbit2

Skill      XL: |  1  2  3  4  5  6  7  8  9 10 11 12 |
---------------+-------------------------------------+-----
Dodging        | 3 4 5 6 7 9 11 12 13 | 13.0
Transmutations | 3 4 6 9 10 | 10.0
Short Blades   | 1 2 3 4 6 8 9 11 | 11.3
Fighting       | 2 3 4 6 7 9 10 | 10.9
Stealth        | 1 2 3 4 5 |  5.2
Poison Magic   | 1 4 5 |  5.0
Invocations    | 2 |  2.2
Unarmed Combat | |  3.3
Spellcasting   | |  2.0

Action                   |  1- 3 |  4- 6 |  7- 9 | 10-12 || total
-------------------------+-------+-------+-------+-------++-------
Melee: Unarmed           |    57 |       |       |    19 ||    76
       Headbutt          |     7 |     7 |    49 |   125 ||   188
       Dagger            |    55 |    99 |   318 |   648 ||  1120
       Punch             |     1 |     2 |     9 |    20 ||    32
Throw: Javelin           |     6 |     4 |       |     3 ||    13
       Stone             |     1 |       |       |       ||     1
       Dart              |       |     1 |     2 |    10 ||    13
 Cast: Beastly Appendage |     8 |     9 |    28 |    28 ||    73
       Wereblood         |     1 |     7 |    20 |    23 ||    51
       Spider Form       |       |       |       |     2 ||     2
       Summon Small Mamm |       |       |       |     2 ||     2
Evoke: Wand              |       |     2 |       |       ||     2
  Use: Scroll            |     2 |     6 |     5 |     6 ||    19
       Potion            |       |       |     4 |     2 ||     6
 Stab: Sleeping          |     3 |     2 |     9 |    16 ||    30
Armor: Robe              |    19 |    17 |    21 |    38 ||    95
       Acid dragon scale |       |       |       |    31 ||    31
Dodge: Dodged            |    67 |    58 |   191 |   405 ||   721

Table legend: (Time is in decaauts)
 A = Elapsed time spent in this place.
 B = Non-inter-level travel time spent in this place.
 C = Inter-level travel time spent in this place.
 D = Time resting spent in this place.
 E = Time spent auto-exploring this place.
 F = Levels seen in this place.
 G = Mean time per level.
                   A        B        C        D        E       F      G
               +--------+--------+--------+--------+--------+-----+--------+
         Total |  12391 |  11921 |    470 |   1915 |   6921 |  14 |  885.1 |
       Dungeon |  11024 |  10589 |    435 |   1773 |   6263 |  10 | 1102.4 |
        Temple |     12 |     12 |      0 |      0 |      0 |   1 |   12.0 |
          Lair |    931 |    896 |     35 |    134 |    463 |   2 |  465.5 |
       Ossuary |    422 |    422 |      0 |      8 |    195 |   1 |  422.0 |
               +--------+--------+--------+--------+--------+-----+--------+

Top non-repeatable levels by time:
     D:5: 1525 daAuts
     D:7: 1496 daAuts
     D:4: 1193 daAuts
     D:6: 1132 daAuts
    D:10: 1062 daAuts
     D:2: 979 daAuts
     D:1: 965 daAuts
     D:9: 946 daAuts
     D:8: 945 daAuts
  Lair:1: 875 daAuts
     D:3: 778 daAuts
 Ossuary: 422 daAuts
  Lair:2: 56 daAuts
  Temple: 12 daAuts
